 Dungeon Crawl Stone Soup version 0.31-a0-277-g31ea1f6 (webtiles) character file.

Game seed: 10138755039283921030

1473 Dawnplanks the Magician (level 8, -1/41 HPs)
             Began as a Deep Elf Fire Elementalist on July 15, 2023.
             Was a Believer of Sif Muna.
             Engulfed by a cloud of steam (4 damage)
             ... on level 5 of the Dungeon.
             The game lasted 00:15:02 (5015 turns).

Dawnplanks the Magician (DEFE)                      Turns: 5015, Time: 00:15:02

Health: -1/41      AC:  2    Str:  5    XL:     8   Next: 49%
Magic:  6/21       EV: 18    Int: 29    God:    Sif Muna [**....]
Gold:   56         SH:  0    Dex: 15    Spells: 9/22 levels left

rFire   . . .        v - +1 dagger (vamp)
rCold   . . .        (no shield)
rNeg    . . .        a - +0 robe
rPois   .            (no helmet)
rElec   .            (no cloak)
rCorr   .            (no gloves)
SInv    .            (no boots)
Will    .....        (no amulet)
Stlth   ++           x - +6 ring of intelligence
HPRegen 0.26/turn    s - +5 ring of evasion
MPRegen 0.17/turn

%: no passive effects
@: very slow
A: no striking features
a: Renounce Religion, Channel Magic


You were on level 5 of the Dungeon.
You worshipped Sif Muna.
Sif Muna was pleased with you.
You visited 1 branch of the dungeon, and saw 5 of its levels.

You collected 136 gold pieces.
You spent 80 gold pieces at shops.

Inventory:

Hand Weapons
 v - a +1 vampiric dagger (weapon)
Armour
 a - a +0 robe (worn)
 w - a +0 pair of boots
Jewellery
 c - a ring of flight
 s - a +5 ring of evasion (right hand)
 x - a +6 ring of intelligence (left hand)
 y - a ring of positive energy
 z - a +4 ring of protection
Wands
 u - a wand of paralysis (11)
Scrolls
 d - a scroll of revelation {unknown}
 f - 3 scrolls of teleportation {unknown}
 h - 4 scrolls of blinking {unknown}
 i - a scroll of enchant armour {unknown}
 k - a scroll of vulnerability
 l - 2 scrolls of immolation
 m - a scroll of brand weapon {unknown}
 n - 2 scrolls of enchant weapon {unknown}
 p - a scroll of butterflies {unknown}
 r - 2 scrolls of torment {unknown}
Potions
 b - 2 potions of magic
 e - 2 potions of might
 g - a potion of curing
 j - 2 potions of heal wounds
 o - a potion of invisibility {unknown}
 q - a potion of mutation {unknown}
 t - a potion of berserk rage {unknown}


   Skills:
 + Level 0.2 Fighting
 + Level 3.5 Dodging
 + Level 3.8 Stealth
 + Level 7.9 Spellcasting
 + Level 4.3 Conjurations
 + Level 0.2 Hexes
 + Level 2.8 Translocations
 + Level 7.2 Fire Magic
 * Level 3.3 Invocations


You had 9 spell levels left.
You knew the following spells:

 Your Spells              Type           Power      Damage    Failure   Level
a - Foxfire               Conj/Fire      100%       2x1d9     1%          1
b - Scorch                Fire           100%       2d9       1%          2
c - Inner Flame           Hex/Fire       33%        N/A       3%          3
d - Volatile Blastmotes   Fire/Tloc      80%        2d16      1%          3
e - Flame Wave            Conj/Fire      44%        2d11      4%          4

Your spell library contained the following spells:

 Spells                   Type           Power      Damage    Failure   Level
 Kiss of Death            Conj/Necr      96%        2d12      1%          1
 Confusing Touch          Hex            12%        N/A       13%         3
 Dispel Undead            Necr           11%        3d9       43%         4


Dungeon Overview and Level Annotations

Branches:
Dungeon (5/15)
 Temple: D:4-7

Altars:
Nemelex Xobeh
Qazlal
Sif Muna

Shops:
D:2 (?   D:3 *   D:4 (

Annotations:
D:3 2 transporters, PiratePeteNZ's ghost, novice FoFi


Message History

A quokka, 2 rats and an adder come into view.
There is an open door here.
You enter the shallow water.
Moving in this stuff is going to be slow.
A quokka comes into view.
Casting: Flame Wave (dangerous; 4% risk of failure)
Confirm with . or Enter, or press ? or * to list all spells.
Casting: Flame Wave (dangerous; 4% risk of failure)
Press: ? - help, Dir - look around, f - activate A wave of flame ripples out!
The flame wave engulfs the rat!!
You kill the rat!
Sif Muna accepts your kill.
The flame wave engulfs the quokka!
You kill the quokka!
Sif Muna accepts your kill. (Press . to intensify the flame waves.)
The adder hisses angrily.
A wave of flame ripples out!
The flame wave engulfs the quokka!!
You kill the quokka!
Sif Muna accepts your kill.
The flame wave engulfs the rat.
You kill the rat!
Sif Muna accepts your kill.
A wave of flame ripples out!
The flame wave engulfs the adder!
The adder is almost dead.
You finish channelling waves of flame.
You are engulfed in a cloud of scalding steam.
The adder barely misses you.
Casting: Flame Wave (dangerous; 4% risk of failure)
Confirm with . or Enter, or press ? or * to list all spells.
Casting: Flame Wave (dangerous; 4% risk of failure)
Press: ? - help, Dir - look around, f - activate A wave of flame ripples out!
The flame wave engulfs the adder!!
You kill the adder!
Sif Muna accepts your kill. (Press . to intensify the flame waves.)
You are engulfed in a cloud of scalding steam.
* * * LOW HITPOINT WARNING * * *
You are engulfed in a cloud of scalding steam.
You die...

#........#
.........
#.######.#
....##... #.#
.# .........
###.##++# #
....#....
#....#~~#
#####....
#.#.##~§##
.....
#####.#.#§§~§#
.....
.).))...#§§§§#
#...
.#####).##@§#
#... ##).#§§#
###.
##)'##'.....
...
#........§...
####
#.####.......
# #.. .......
# ... ......
#... ......
... ....


There were no monsters in sight!

Vanquished Creatures
  Eustachio (D:4)
  Duvessa (D:5)
  2 ice beasts (D:5)
  A sky beast (D:3)
  3 black bears
  A centaur (D:5)
  A phantom (D:4)
  Dowan (D:5)
  2 orc priests (D:5)
  3 iguanas
  Jessica (D:2)
  Ijyb (D:5)
  3 orc wizards (D:5)
  10 adders
  4 gnolls (D:5)
  An ufetubus (D:5)
  5 worms
  3 dart slugs
  11 orcs
  5 endoplasms
  2 giant cockroaches
  8 goblins
  7 hobgoblins
  6 jackals (D:4)
  4 quokkas
  6 ball pythons
  5 bats
  3 frilled lizards
  7 kobolds
  10 rats
118 creatures vanquished.

Vanquished Creatures (others)
  336 foxfires
336 creatures vanquished.

Grand Total: 454 creatures vanquished

Notes
Turn   | Place    | Note
-------+----------+-------------------------------------------
     0 | D:1      | Dawnplanks the Deep Elf Fire Elementalist began the quest
                  | for the Orb.
     0 | D:1      | Reached XP level 1. HP: 10/10 MP: 6/6
   198 | D:1      | Reached XP level 2. HP: 15/15 MP: 6/8
   304 | D:1      | Learned a level 2 spell: Scorch
   388 | D:1      | Found a faded altar of an unknown god.
   788 | D:2      | Reached XP level 3. HP: 17/19 MP: 0/9
   919 | D:2      | Learned a level 3 spell: Inner Flame
  1179 | D:2      | Reached XP level 4. HP: 24/24 MP: 8/11
  1311 | D:2      | Found Wuenu's Weapon Shop.
  1322 | D:2      | Learned a level 3 spell: Volatile Blastmotes
  1545 | D:2      | Found Tamos's Magic Scroll Shop.
  1563 | D:2      | Bought a scroll of identify for 22 gold pieces
  1566 | D:2      | Bought a scroll of identify for 22 gold pieces
  1566 | D:2      | Bought a scroll of identify for 22 gold pieces
  2109 | D:3      | Noticed Jessica
  2139 | D:2      | Killed Jessica
  2140 | D:2      | Reached skill level 1 in Translocations
  2300 | D:3      | Found a shimmering blue altar of Sif Muna.
  2320 | D:3      | Found Doh Reramp's General Store.
  2333 | D:3      | Found a stormy altar of Qazlal.
  2333 | D:3      | Noticed a sky beast
  2349 | D:3      | Killed a sky beast
  2350 | D:3      | Reached XP level 5. HP: 18/28 MP: 0/14
  2454 | D:3      | Bought a potion of degeneration for 14 gold pieces
  2507 | D:3      | Became a worshipper of Sif Muna the Loreminder
  2612 | D:3      | Reached skill level 5 in Spellcasting
  2912 | D:3      | Found a transporter.
  2912 | D:3      | Found a transporter.
  2913 | D:3      | Noticed PiratePeteNZ's ghost (novice FoFi)
  2916 | D:3      | Noticed an ogre
  2917 | D:3      | Identified the +5 dire flail of Otunec {drain, rC+}
  2917 | D:3      | Noticed an ogre
  3228 | D:4      | Reached skill level 5 in Fire Magic
  3228 | D:4      | Reached XP level 6. HP: 32/32 MP: 9/15
  3655 | D:4      | Noticed Eustachio
  3668 | D:4      | Killed Eustachio
  3669 | D:4      | Reached XP level 7. HP: 25/36 MP: 2/18
  3997 | D:4      | Reached * piety under Sif Muna
  4418 | D:4      | Found Fen Zeoneu's Firing Range.
  4532 | D:4      | Found a sparkling altar of Nemelex Xobeh.
  4616 | D:4      | Learned a level 4 spell: Flame Wave
  4695 | D:5      | Entered Level 5 of the Dungeon
  4809 | D:5      | Noticed Duvessa
  4811 | D:5      | Noticed Dowan
  4828 | D:5      | Killed Duvessa
  4829 | D:5      | Reached skill level 1 in Invocations
  4832 | D:5      | Reached XP level 8. HP: 26/41 MP: 14/20
  4839 | D:5      | Killed Dowan
  4987 | D:5      | Noticed Ijyb
  4990 | D:5      | Killed Ijyb
  5011 | D:5      | Reached ** piety under Sif Muna
  5015 | D:5      | Engulfed by a cloud of steam

Illustrated notes

Levels and vault maps discovered:
D:1:      lemuel_arrival_river_ford, layout_rooms,
          nicolae_ecumenical_lake_church
D:2:      layout_basic, serial_shops, nicolae_shop_tiny_real_fake_doors, shop,
          serial_curves, eino_curves_01, eino_curves_03, eino_curves_03
D:3:      layout_rooms, lemuel_crystal_altar, nicolae_qazlal_beasts_of_the_sky,
          gammafunk_ghost_smash, serial_shops, shop, uniq_jessica
D:4:      layout_loops_corners, nemelex_diamond_rough_becter,
          nicolae_shop_firing_range, uniq_eustachio
D:5:      layout_rooms, gup_sewer_entry_bowl, chequers_serial_rivers_micro_e,
          uniq_edmund, uniq_ijyb, uniq_duvessa

Skill      XL: |  1  2  3  4  5  6  7  8 |
---------------+-------------------------+-----
Fire Magic     | 4 5 6 7 |  7.2
Stealth        | 3 |  3.8
Conjurations   | 2 3 4 |  4.3
Translocations | 1 2 |  2.8
Spellcasting   | 4 5 6 7 |  7.9
Dodging        | 3 |  3.5
Invocations    | 1 3 |  3.3
Fighting       | |  0.2
Hexes          | |  0.2

Action                     |  1- 3 |  4- 6 |  7- 9 || total
---------------------------+-------+-------+-------++-------
  Melee: Unarmed           |     2 |       |       ||     2
         Short sword       |       |     2 |       ||     2
   Cast: Foxfire           |    42 |    97 |    67 ||   206
         Scorch            |     6 |    14 |     4 ||    24
         Inner Flame       |     1 |     1 |       ||     2
         Volatile Blastmot |       |     9 |    10 ||    19
         Flame Wave        |       |       |     7 ||     7
 Invoke: Channel Magic     |       |       |     1 ||     1
    Use: Scroll            |       |     5 |       ||     5
         Potion            |       |       |     1 ||     1
 Armour: Robe              |     1 |     5 |     2 ||     8
  Dodge: Dodged            |    13 |    22 |    17 ||    52

Table legend: (Time is in decaauts)
 A = Elapsed time spent in this place.
 B = Non-inter-level travel time spent in this place.
 C = Inter-level travel time spent in this place.
 D = Time resting spent in this place.
 E = Time spent auto-exploring this place.
 F = Levels seen in this place.
 G = Mean time per level.
                   A        B        C        D        E       F      G
               +--------+--------+--------+--------+--------+-----+--------+
         Total |   5013 |   4861 |    152 |    191 |   3958 |   5 | 1002.6 |
       Dungeon |   5013 |   4861 |    152 |    191 |   3958 |   5 | 1002.6 |
               +--------+--------+--------+--------+--------+-----+--------+

Top non-repeatable levels by time:
     D:4: 1708 daAuts
     D:2: 1540 daAuts
     D:3: 745 daAuts
     D:1: 700 daAuts
     D:5: 318 daAuts
